 Dungeon Crawl Stone Soup version 0.22.1-1-ga44c0e5 (webtiles) character file.

143625 topirishpotato the Fighter (level 17, -4/138 HPs)
             Began as a Gnoll Wanderer on Sept 24, 2018.
             Was the Champion of Okawaru.
             Shot with a bolt by Vashnia (36 damage)
             ... on level 3 of the Snake Pit on Sept 25, 2018.
             The game lasted 01:47:35 (35476 turns).

topirishpotato the Fighter (Gnoll Wanderer)        Turns: 35476, Time: 01:47:36

Health: -4/138     AC: 17    Str: 23    XL:     17   Next: 38%
Magic:  0/32       EV: 19    Int: 19    God:    Okawaru [******]
Gold:   1095       SH:  0    Dex: 20    Spells: 5/38 levels left

rFire    + + +     SeeInvis .   d - +9 hand crossbow "Bar Qope" {penet, Int+4}
rCold    + . .     Gourm    .   (no shield)
rNeg     . . .     Faith    .   B - +3 scale mail of Knowledge {rElec MR+}
rPois    +         Spirit   +   o - +2 hat {Int+3}
rElec    +         Reflect  .   D - +0 cloak {rPois}
rCorr    .         Harm     .   V - +0 pair of gloves of Winter {rF++ Str+3}
MR       ++...     Rnd*Rage +   O - +2 pair of boots
Stlth    ++++......             a - amulet of guardian spirit
HPRegen  0.33/turn              h - +4 ring of strength
MPRegen  0.23/turn              S - ring "Huiphud" {rF++ rC+ Int-3}

@: studying Ice Magic
A: distributed training, fangs 1, horns 1, talons 1, berserk 1, deformed body,
strong nose
a: Heroism, Finesse, Renounce Religion


You were on level 3 of the Snake Pit.
You worshipped Okawaru.
Okawaru was exalted by your worship.
You were not hungry.

You visited 5 branches of the dungeon, and saw 27 of its levels.
You visited the Abyss 1 time.
You also visited: Ice Cave.

You collected 3002 gold pieces.
You spent 1907 gold pieces at shops.

Inventory:

Hand Weapons
 d - the +9 hand crossbow "Bar Qope" (weapon) {penet, Int+4}
   (You found it on level 5 of the Dungeon)

   Ammo fired by it will pass through the targets it hits, potentially hitting
   all targets in its path until it reaches maximum range.
   It affects your intelligence (+4).
 k - the +3 scythe "Banwun" {freeze, rElec rF+ Int+4}
   (You bought it in a shop on level 2 of the Orcish Mines)

   It has been specially enchanted to freeze those struck by it, causing extra
   injury to most foes and up to half again as much damage against particularly
   susceptible opponents.
   It can also slow down cold-blooded creatures.
   It affects your intelligence (+4).
   It protects you from fire.
   It insulates you from electricity.
 p - the +4 lajatang "Hydrabane" {drain, +Fly rF+++ MR- Dex+5}
   (You bought it in a shop on level 2 of the Orcish Mines)

   A truly terrible weapon, it drains the life of those it strikes.
   It affects your dexterity (+5).
   It renders you almost immune to fire.
   It affects your resistance to hostile enchantments.
   It lets you fly.
 M - a +9 triple crossbow of freezing
Missiles
 y - 537 arrows
 A - 56 bolts (quivered)
Armour
 e - the +3 scale mail "Poixil" {rPois rC+ rN++ MR-}
   (Okawaru gifted it to you on level 15 of the Dungeon)

   It protects you from cold.
   It protects you from poison.
   It greatly protects you from negative energy.
   It affects your resistance to hostile enchantments.
 m - a +2 cloak of magic resistance
 o - a +2 hat of intelligence (worn)
 B - the +3 scale mail of Knowledge (worn) {rElec MR+}
   (You found it on level 4 of the Dungeon)

   It insulates you from electricity.
   It affects your resistance to hostile enchantments.
 D - a +0 cloak of poison resistance (worn)
 O - a +2 pair of boots (worn)
 V - the +0 pair of gloves of Winter (worn) {rF++ Str+3}
   (Okawaru gifted it to you on level 5 of the Lair of Beasts)

   It affects your strength (+3).
   It greatly protects you from fire.
Jewellery
 a - an amulet of guardian spirit (around neck)
 h - a +4 ring of strength (left hand)
 u - an uncursed ring of positive energy
 I - an uncursed ring of protection from cold
 S - the ring "Huiphud" (right hand) {rF++ rC+ Int-3}
   (You found it on level 4 of the Lair of Beasts)

   [ring of intelligence]

   It affects your intelligence (-3).
   It greatly protects you from fire.
   It protects you from cold.
Wands
 j - a wand of digging (10)
 s - a wand of flame (9)
 C - a wand of polymorph (43)
Scrolls
 b - 2 scrolls of fog
 c - 10 scrolls of teleportation
 i - 10 scrolls of remove curse
 l - 2 scrolls of amnesia
 z - 2 scrolls of holy word
 J - 4 scrolls of identify
 K - 3 scrolls of noise
 L - a scroll of magic mapping
 N - 3 scrolls of enchant weapon
 P - a scroll of random uselessness
Potions
 n - 7 potions of brilliance
 q - a potion of cancellation
 r - a potion of haste
 t - 2 potions of berserk rage
 v - 3 potions of magic
 w - a potion of heal wounds
 E - 4 potions of agility
 F - 3 potions of flight {unknown}
 G - a potion of resistance
 H - 4 potions of might
 U - 5 potions of curing
Books
 R - a manual of Ice Magic
Miscellaneous
 x - a lamp of fire (inert)
Comestibles
 f - 40 rations


   Skills:
 + Level 13.6 Fighting
 + Level 11.3 Short Blades
 + Level 12.1 Long Blades
 + Level 11.3 Axes
 + Level 11.3 Maces & Flails
 + Level 11.3 Polearms
 + Level 11.6 Staves
 + Level 11.3 Slings
 + Level 11.3 Bows
 + Level 11.3 Crossbows
 + Level 11.3 Throwing
 + Level 11.3 Armour
 + Level 11.3 Dodging
 + Level 12.0 Stealth
 + Level 11.6 Shields
 + Level 11.3 Unarmed Combat
 + Level 11.3 Spellcasting
 + Level 9.6 Conjurations
 + Level 9.6 Hexes
 + Level 9.6 Charms
 + Level 9.6 Summonings
 + Level 9.6 Necromancy
 + Level 9.6 Translocations
 + Level 9.6 Transmutations
 + Level 9.6 Fire Magic
 + Level 11.0 Ice Magic
 + Level 9.6 Air Magic
 + Level 9.6 Earth Magic
 + Level 9.6 Poison Magic
 + Level 12.2 Invocations
 + Level 11.3 Evocations


You had 5 spell levels left.
You knew the following spells:

 Your Spells              Type           Power        Failure   Level  Hunger
a - Summon Small Mammal   Summ           ####         1%          1    None
b - Call Imp              Summ           #####...     1%          2    None
c - Call Canine Familiar  Summ           #####...     1%          3    None
d - Summon Guardian Gole  Hex/Summ       #####...     1%          3    None
e - Summon Ice Beast      Ice/Summ       ######..     1%          4    ##.....
f - Alistair's Intoxicat  Tmut/Pois      #####...     7%          5    ####...
g - Summon Lightning Spi  Summ/Air       #####...     2%          4    ##.....
h - Fireball              Conj/Fire      #####.....   7%          5    ####...
i - Shroud of Golubria    Chrm/Tloc      #####.....   1%          2    None
j - Force Lance           Conj/Tloc      #####...     2%          4    ##.....

Your spell library contained the following spells:

 Spells                   Type           Power        Failure   Level  Hunger
 Animate Skeleton         Necr           N/A          1%          1    None
 Apportation              Tloc           #####.       1%          1    None
 Corona                   Hex            #####..      1%          1    None
 Flame Tongue             Conj/Fire      #####        1%          1    None
 Infusion                 Chrm           ####         1%          1    None
 Magic Dart               Conj           ####         1%          1    None
 Pain                     Necr           ####         1%          1    None
 Sting                    Conj/Pois      ####         1%          1    None
 Blink                    Tloc           N/A          1%          2    None
 Corpse Rot               Necr           N/A          1%          2    None
 Ensorcelled Hibernation  Hex/Ice        ######       1%          2    None
 Slow                     Hex            #####...     1%          2    None
 Song of Slaying          Chrm           #####...     1%          2    None
 Throw Flame              Conj/Fire      #####.       1%          2    None
 Confuse                  Hex            #####...     1%          3    None
 Conjure Flame            Conj/Fire      #####...     1%          3    None
 Dazzling Spray           Conj/Hex       #####.       1%          3    None
 Mephitic Cloud           Conj/Pois/Air  #####...     1%          3    None
 Recall                   Summ/Tloc      N/A          1%          3    None
 Regeneration             Chrm/Necr      #####.....   1%          3    None
 Spectral Weapon          Hex/Chrm       #####...     1%          3    None
 Spider Form              Tmut/Pois      #####.....   1%          3    None
 Stone Arrow              Conj/Erth      #####.       1%          3    None
 Tukima's Dance           Hex            #####...     1%          3    None
 Vampiric Draining        Necr           #####.....   1%          3    None
 Animate Dead             Necr           N/A          2%          4    ##.....
 Iskenderun's Mystic Bla  Conj           #####...     2%          4    ##.....
 Leda's Liquefaction      Hex/Erth       #####.....   2%          4    ##.....
 Bolt of Magma            Conj/Fire/Erth #####.....   7%          5    ####...
 Lightning Bolt           Conj/Air       #####.....   7%          5    ####...
 Summon Forest            Summ/Tloc      #####.....   7%          5    ####...
 Dispersal                Tloc           #####.....   36%         6    ######.
 Hydra Form               Tmut           #####.....   36%         6    ######.
 Iron Shot                Conj/Erth      #####.....   36%         6    ######.
 Statue Form              Tmut/Erth      #####....    36%         6    ######.
 Summon Hydra             Summ           #####.....   91%         7    #######
 Shatter                  Erth           #####.....   100%        9    #######


Dungeon Overview and Level Annotations

Branches:
Dungeon (15/15)            Temple (1/1) D:7            Lair (6/6) D:11
 Shoals (0/4) Lair:2        Snake (3/4) Lair:4        Slime (0/5) Lair:6
    Orc (2/2) D:12            Elf (0/3) Orc:2        Vaults (0/5) D:13
 Depths (0/5) D:15

Altars:
Ashenzari
Cheibriados
Dithmenos
Elyvilon
Fedhas
Gozag
Hepliaklqana
Kikubaaqudgha
Makhleb
Nemelex Xobeh
Okawaru
Qazlal
Ru
Sif Muna
Trog
Uskayaw
Vehumet
Wu Jian
Xom
Yredelemnul
Zin
The Shining One

Shops:
D:9 *   Orc:1 !   Orc:2 *:[:(

Annotations:
Lair:2 2 transporters, nonceun's ghost, journeyman MiBe
Snake:3 Vashnia


Innate Abilities, Weirdness & Mutations

Your experience applies equally to all skills.
You have very sharp teeth.
Your uncanny sense of smell can sniff out nearby items.
You have a pair of small horns on your head.
You have sharp toenails.
You tend to lose your temper in combat.
Armour fits poorly on your strangely shaped body.


Message History

Firing (i - inventory)
A - 57 bolts (quivered)
Press: ? - help, Shift-Dir - straight line, f/p - Vashnia
Aim: Vashnia, wielding an arbalest and wearing a shiny naga barding (moderately You shoot a bolt.
The bolt pierces through Vashnia!
Vashnia is moderately wounded.
The bolt pierces through the naga sharpshooter!
The naga sharpshooter is moderately wounded.
The naga sharpshooter mumbles some strange words.
The naga sharpshooter magically shoots an arrow.
The arrow hits you!! Vashnia spits poison at you.
The splash of poison misses you.
The naga sharpshooter casts a spell.
The naga sharpshooter magically shoots an arrow.
The arrow hits you.
The naga sharpshooter shoots a bolt.
The bolt hits you!!
* * * LOW HITPOINT WARNING * * *
The naga sharpshooter gestures wildly while chanting.
The naga sharpshooter magically shoots an arrow.
The arrow barely misses you.
Vashnia shoots a bolt.
The bolt hits you!!!
You die...

### #...... .........#
..####...... .......# #........#
..#..### ........# .# #.....##..
.......#######... ##.<.....#
...##........#.########......###
...##..........##.##.........#
...##.........###........##..#
...##.........##@........# ###
.............###.........##
#.###........##...........# ##
.## ##......###...........# #.##
..## ###....##............# #...#
...## ##.###.........N....##.....
....# #.####...........N.##......
....###.###...........NN.##......
.....#..##.##........>..#.#.N.NNN


You could see Vashnia and 3 naga sharpshooters.

Vanquished Creatures
  Nikola (Snake:1)
  2 nagarajas (Snake:2)
  A frost giant (IceCv)
  An orc warlord (Orc:2)
  Snorg (D:10)
  A fire dragon (Lair:6)
  An ettin (D:13)
  Josephine (Lair:4)
  A yaktaur captain (D:15)
  Erolcha (D:9)
  7 naga warriors
  Harold (D:9)
  6 hydras
  Erica (D:10)
  An ice dragon (D:13)
  8 anacondas
  3 two-headed ogres
  4 centaur warriors
  8 death yaks
  A thrashing horror (Abyss:2)
  5 naga sharpshooters
  9 shock serpents
  3 orc high priests (Orc:2)
  Sonja (D:10)
  A wretched star (Abyss:2)
  A shadow wraith (Abyss:2)
  A sixfirhy (Abyss:2)
  An orange crystal statue (D:15)
  A swamp dragon (Lair:6)
  Pikel (D:6)
  3 lindwurms (Lair:6)
  A wolf spider zombie (D:14)
  4 naga ritualists
  A necromancer (D:13)
  3 ugly things
  8 mana vipers
  3 orc knights
  5 orc sorcerers (Orc:2)
  2 elephants (Lair:6)
  A cyclops (D:15)
  8 salamanders
  A manticore (D:15)
  4 guardian serpents
  2 ice statues
  7 naga magi
  29 black mambas
  4 torpor snails
  Psyche (D:9)
  A gargoyle (D:15)
  A spiny frog (shapeshifter) (D:13)
  4 rime drakes
  10 spiny frogs
  A yaktaur (D:15)
  An efreet (D:15)
  9 komodo dragons
  A queen bee (Lair:1)
  9 trolls
  6 tyrant leeches
  20 polar bears
  A polar bear (shapeshifter) (D:13)
  13 blink frogs
  5 dream sheep (Lair:6)
  9 slime creatures
  Grinder (D:5)
  8 hippogriffs
  6 starcursed masses (Abyss:2)
  2 shadows
  Sigmund (D:4)
  A spriggan (shapeshifter) (D:13)
  2 wyverns
  5 wraiths
  3 fire elementals (Lair:2)
  4 fire bats (Lair:2)
  7 basilisks
  60 yaks
  Grum (D:9)
  A neqoxec (Abyss:2)
  A warg (Orc:2)
  Edmund (D:6)
  21 nagas
  A large abomination (Abyss:2)
  3 acid dragons (Lair:6)
  4 swamp worms (Lair:2)
  2 soldier ants
  20 water moccasins
  9 porcupines
  36 orc warriors
  2 swamp drakes (Lair:6)
  15 ice beasts
  5 phantoms
  6 black bears
  4 sky beasts
  8 ogres
  A necrophage (D:15)
  3 boggarts (D:15)
  12 centaurs
  20 wolves
  11 crocodiles
  4 big kobolds
  A gnoll sergeant (D:9)
  12 bullfrogs
  A small abomination (Abyss:2)
  4 wyvern skeletons
  2 scorpions
  27 killer bees
  8 wights
  5 electric eels
  4 howler monkeys
  7 crimson imps
  3 jellies
  2 lava snakes (Lair:5)
  4 centaur zombies
  A quasit (D:5)
  10 hounds
  Crazy Yiuf (D:2)
  A gnoll shaman (D:8)
  9 orc priests
  5 bullfrog skeletons
  6 centaur skeletons
  16 orc wizards
  Jessica (D:2)
  4 iguanas
  Natasha (thrice) (D:3)
  21 worker ants
  A hound zombie (D:7)
  2 hound skeletons
  A howler monkey zombie (D:10)
  2 worker ant zombies (D:5)
  13 adders
  14 gnolls
  4 shadow imps
  An ufetubus (D:8)
  An ooze (D:2)
  3 adder skeletons
  3 worms
  3 dart slugs (D:1)
  An adder simulacrum (D:8)
  8 leopard geckos
  119 orcs
  3 ball pythons
  8 giant cockroaches
  7 goblins
  6 hobgoblins
  7 jackals
  4 quokkas
  6 bats
  2 frilled lizards
  23 kobolds
  A leopard gecko skeleton (D:8)
  6 rats
  6 fungi
  A plant (Lair:4)
958 creatures vanquished.

Vanquished Creatures (collateral kills)
  A death yak (Lair:6)
  An orc knight (Orc:2)
  A rime drake (Lair:6)
  A wyvern (D:8)
  An orc priest (D:8)
  2 shadow imps
  2 orcs (D:8)
9 creatures vanquished.

Vanquished Creatures (others)
  A yak (D:9)
  A swamp worm (Lair:2)
  An orc priest (D:10)
  A hound (D:11)
  An orc wizard (D:9)
  3 orcs
  9 fungi
  11 plants
28 creatures vanquished.

Grand Total: 995 creatures vanquished

Notes
Turn   | Place    | Note
-------+----------+-------------------------------------------
     0 | D:1      | topirishpotato the Gnoll Wanderer began the quest for the
                  | Orb.
     0 | D:1      | topirishpotato set off with: a +2 falchion, a +0 short
                  | sword, a scroll of teleportation, a +0 robe, a +0 dagger, a
                  | ration
     0 | D:1      | Reached XP level 1. HP: 26/26 MP: 1/1
    44 | D:1      | Reached XP level 2. HP: 28/33 MP: 2/2
   301 | D:1      | Reached XP level 3. HP: 35/38 MP: 3/3
   455 | D:2      | Noticed Jessica
   473 | D:2      | Killed Jessica
   473 | D:2      | Reached skill level 1 in Short Blades
   473 | D:2      | Reached skill level 1 in Axes
   473 | D:2      | Reached skill level 1 in Maces & Flails
   473 | D:2      | Reached skill level 1 in Polearms
   473 | D:2      | Reached skill level 1 in Slings
   473 | D:2      | Reached skill level 1 in Bows
   473 | D:2      | Reached skill level 1 in Crossbows
   473 | D:2      | Reached skill level 1 in Throwing
   473 | D:2      | Reached skill level 1 in Armour
   473 | D:2      | Reached skill level 1 in Dodging
   473 | D:2      | Reached skill level 1 in Unarmed Combat
   473 | D:2      | Reached skill level 1 in Spellcasting
   473 | D:2      | Reached skill level 1 in Invocations
   473 | D:2      | Reached skill level 1 in Evocations
   473 | D:2      | Reached XP level 4. HP: 33/45 MP: 3/5
   724 | D:2      | Found a runed door.
   728 | D:2      | Noticed Crazy Yiuf
   734 | D:2      | Killed Crazy Yiuf
   734 | D:2      | Reached skill level 1 in Conjurations
   734 | D:2      | Reached skill level 1 in Hexes
   734 | D:2      | Reached skill level 1 in Charms
   734 | D:2      | Reached skill level 1 in Summonings
   734 | D:2      | Reached skill level 1 in Necromancy
   734 | D:2      | Reached skill level 1 in Translocations
   734 | D:2      | Reached skill level 1 in Transmutations
   734 | D:2      | Reached skill level 1 in Fire Magic
   734 | D:2      | Reached skill level 1 in Ice Magic
   734 | D:2      | Reached skill level 1 in Air Magic
   734 | D:2      | Reached skill level 1 in Earth Magic
   734 | D:2      | Reached skill level 1 in Poison Magic
  1304 | D:3      | Found a stormy altar of Qazlal.
  1381 | D:3      | Reached XP level 5. HP: 33/51 MP: 6/6
  1724 | D:3      | Noticed Natasha
  1733 | D:3      | Killed Natasha
  1733 | D:3      | Reached XP level 6. HP: 57/57 MP: 8/8
  1837 | D:3      | Noticed Natasha
  1843 | D:3      | Killed Natasha
  1858 | D:3      | Noticed Natasha
  1873 | D:3      | Killed Natasha
  2058 | D:4      | Noticed Sigmund
  2068 | D:4      | Killed Sigmund
  2068 | D:4      | Reached skill level 5 in Long Blades
  2068 | D:4      | Reached XP level 7. HP: 49/63 MP: 8/10
  2561 | D:4      | Found a large runed door.
  2562 | D:4      | Found a large runed door.
  2654 | D:4      | Reached skill level 5 in Stealth
  2753 | D:4      | Got a translucent bone amulet
  2754 | D:4      | Identified the amulet of Joy {Inacc rPois rN+ SInv} (You
                  | found it on level 4 of the Dungeon)
  2816 | D:4      | Found a large runed door.
  2816 | D:4      | Found a large runed door.
  2828 | D:4      | Reached skill level 9 in Fighting
  3384 | D:4      | Reached XP level 8. HP: 56/71 MP: 12/12
  3517 | D:4      | Identified the Collected Works on Igneous Venom
  3537 | D:5      | Entered Level 5 of the Dungeon
  3558 | D:5      | Noticed Grinder
  3578 | D:5      | Killed Grinder
  4208 | D:5      | Got a polished hand crossbow
  4209 | D:5      | Identified the +9 hand crossbow "Bar Qope" {penet, Int+4}
                  | (You found it on level 5 of the Dungeon)
  4446 | D:5      | Reached XP level 9. HP: 65/76 MP: 14/14
  5042 | D:6      | Noticed Edmund
  5060 | D:6      | Killed Edmund
  5177 | D:6      | Noticed Pikel
  5221 | D:6      | Killed Pikel
  5221 | D:6      | Reached skill level 5 in Staves
  5221 | D:6      | Reached skill level 5 in Shields
  5790 | D:7      | Reached skill level 5 in Invocations
  6123 | D:7      | Found a staircase to the Ecumenical Temple.
  6135 | Temple   | Entered the Ecumenical Temple
  6157 | Temple   | Became a worshipper of Warmaster Okawaru
  6609 | D:7      | Reached XP level 10. HP: 84/84 MP: 17/17
  6616 | D:7      | Learned a level 1 spell: Summon Small Mammal
  6619 | D:7      | Learned a level 2 spell: Call Imp
  6623 | D:7      | Learned a level 3 spell: Call Canine Familiar
  6627 | D:7      | Learned a level 3 spell: Summon Guardian Golem
  6632 | D:7      | Learned a level 4 spell: Summon Ice Beast
  6638 | D:7      | Learned a level 5 spell: Alistair's Intoxication
  7142 | D:8      | Reached skill level 5 in Short Blades
  7142 | D:8      | Reached skill level 5 in Axes
  7142 | D:8      | Reached skill level 5 in Maces & Flails
  7142 | D:8      | Reached skill level 5 in Polearms
  7142 | D:8      | Reached skill level 5 in Slings
  7142 | D:8      | Reached skill level 5 in Bows
  7142 | D:8      | Reached skill level 5 in Crossbows
  7142 | D:8      | Reached skill level 5 in Throwing
  7142 | D:8      | Reached skill level 5 in Armour
  7142 | D:8      | Reached skill level 5 in Dodging
  7142 | D:8      | Reached skill level 5 in Unarmed Combat
  7142 | D:8      | Reached skill level 5 in Spellcasting
  7142 | D:8      | Reached skill level 5 in Evocations
  7257 | D:8      | Reached * piety under Okawaru
  7625 | D:8      | Gained mutation: You are frail. (-10% HP) [potion of
                  | mutation]
  7625 | D:8      | Gained mutation: You occasionally shout uncontrollably at
                  | your foes. [potion of mutation]
  7625 | D:8      | Gained mutation: You have a pair of small horns on your
                  | head. [potion of mutation]
  7626 | D:8      | HP: 1/114 [polar bear (9)]
  7998 | D:8      | Reached skill level 10 in Fighting
  8229 | D:8      | Noticed a two-headed ogre
  8274 | D:8      | Killed a two-headed ogre
  8274 | D:8      | Reached ** piety under Okawaru
  8828 | D:8      | Lost mutation: You occasionally shout uncontrollably at
                  | your foes. [potion of mutation]
  8828 | D:8      | Lost mutation: You have a pair of small horns on your head.
                  | [potion of mutation]
  8828 | D:8      | Lost mutation: You are frail. (-10% HP) [potion of
                  | mutation]
  8828 | D:8      | Gained mutation: Armour fits poorly on your strangely
                  | shaped body. [potion of mutation]
  8828 | D:8      | Gained mutation: You tend to lose your temper in combat.
                  | [potion of mutation]
  8828 | D:8      | Gained mutation: You have a pair of small horns on your
                  | head. [potion of mutation]
  8828 | D:8      | Gained mutation: You have sharp toenails. [potion of
                  | mutation]
  9011 | D:9      | Found Sakkiacs's Assorted Antiques.
  9020 | D:9      | Bought a pair of glowing boots for 195 gold pieces
  9020 | D:9      | Bought 3 scrolls labeled WYERITZO OXZEXKO for 78 gold
                  | pieces
  9020 | D:9      | Bought a scroll labeled XAYVIN DUCAS for 26 gold pieces
  9020 | D:9      | Bought a scroll labeled TIETEU POSU for 26 gold pieces
  9090 | D:9      | Reached XP level 11. HP: 62/91 MP: 19/19
  9133 | D:9      | Reached *** piety under Okawaru
  9555 | D:9      | Noticed Erolcha
  9572 | D:9      | Noticed Grum
  9592 | D:9      | Killed Grum
  9597 | D:9      | Killed Erolcha
  9597 | D:9      | Reached skill level 5 in Conjurations
  9597 | D:9      | Reached skill level 5 in Hexes
  9597 | D:9      | Reached skill level 5 in Charms
  9597 | D:9      | Reached skill level 5 in Summonings
  9597 | D:9      | Reached skill level 5 in Necromancy
  9597 | D:9      | Reached skill level 5 in Translocations
  9597 | D:9      | Reached skill level 5 in Transmutations
  9597 | D:9      | Reached skill level 5 in Fire Magic
  9597 | D:9      | Reached skill level 5 in Ice Magic
  9597 | D:9      | Reached skill level 5 in Air Magic
  9597 | D:9      | Reached skill level 5 in Earth Magic
  9597 | D:9      | Reached skill level 5 in Poison Magic
  9884 | D:9      | Reached **** piety under Okawaru
  9950 | D:9      | Noticed Psyche
  9965 | D:9      | Killed Psyche
 10088 | D:9      | Noticed Harold
 10099 | D:9      | Killed Harold
 10303 | D:10     | Entered Level 10 of the Dungeon
 10347 | D:10     | Found a snail-covered altar of Cheibriados.
 10360 | D:10     | Noticed a two-headed ogre
 10365 | D:10     | Killed a two-headed ogre
 10365 | D:10     | Reached ***** piety under Okawaru
 10365 | D:10     | Received a gift from Okawaru
 10405 | D:10     | Noticed Erica
 10418 | D:10     | Killed Erica
 10418 | D:10     | Received a gift from Okawaru
 10650 | D:10     | Reached XP level 12. HP: 99/99 MP: 22/22
 11028 | D:10     | Noticed Snorg
 11028 | D:10     | Noticed Sonja
 11033 | D:10     | Killed Sonja
 11038 | D:10     | Killed Snorg
 11453 | D:11     | Found a staircase to the Lair.
 11525 | D:11     | Reached skill level 11 in Fighting
 11598 | D:11     | Received a gift from Okawaru
 11774 | D:11     | Received a gift from Okawaru
 11969 | D:12     | Found a frozen archway.
 12132 | IceCv    | Entered an ice cave
 12150 | IceCv    | Received a gift from Okawaru
 12211 | IceCv    | Received a gift from Okawaru
 12713 | IceCv    | Reached ****** piety under Okawaru
 12724 | IceCv    | Reached XP level 13. HP: 95/106 MP: 24/24
 13082 | IceCv    | Noticed a frost giant
 13092 | IceCv    | Killed a frost giant
 13092 | IceCv    | Received a gift from Okawaru
 13123 | IceCv    | Identified the Volume of the Mind
 13282 | D:12     | Found a staircase to the Orcish Mines.
 13558 | D:12     | Identified Rel Mopp's Compendium of Attacks
 13581 | D:12     | Learned a level 4 spell: Summon Lightning Spire
 14629 | D:13     | Noticed an ettin
 14639 | D:13     | Killed an ettin
 15020 | D:13     | Received a gift from Okawaru
 15588 | D:13     | Noticed an ice dragon
 15611 | D:13     | Killed an ice dragon
 15907 | D:13     | Found a gate to the Vaults.
 16554 | D:14     | Reached XP level 14. HP: 91/114 MP: 22/26
 17171 | D:15     | Entered Level 15 of the Dungeon
 17378 | D:15     | Found a sacrificial altar of Ru.
 17480 | D:15     | Reached skill level 12 in Fighting
 17480 | D:15     | Reached skill level 10 in Long Blades
 17905 | D:15     | Received a gift from Okawaru
 17906 | D:15     | Got a smoking scale mail {god gift}
 17917 | D:15     | Identified the +3 scale mail "Poixil" {rPois rC+ rN++ MR-}
                  | (Okawaru gifted it to you on level 15 of the Dungeon)
 18107 | D:15     | Found a staircase to the Depths.
 18129 | D:15     | Reached skill level 10 in Stealth
 18451 | Lair:1   | Entered Level 1 of the Lair of Beasts
 18831 | Lair:1   | Reached skill level 10 in Invocations
 19335 | Lair:2   | Noticed nonceun's ghost (journeyman MiBe)
 20253 | Lair:2   | Found a transporter.
 20257 | Lair:2   | Found a transporter.
 20445 | Lair:2   | Found a staircase to the Shoals.
 21844 | Lair:3   | Learned a level 5 spell: Fireball
 22311 | Lair:4   | Got a scorched turquoise ring
 22327 | Lair:4   | Noticed Josephine
 22332 | Lair:4   | Killed Josephine
 22339 | Lair:4   | Received a gift from Okawaru
 22390 | Lair:4   | Identified the cursed ring "Huiphud" {rF++ rC+ Int-3} (You
                  | found it on level 4 of the Lair of Beasts)
 22606 | Lair:4   | Reached XP level 15. HP: 122/122 MP: 28/28
 22697 | Lair:4   | Found a staircase to the Snake Pit.
 23364 | Lair:5   | Reached skill level 10 in Staves
 23364 | Lair:5   | Reached skill level 10 in Shields
 23517 | Lair:5   | Received a gift from Okawaru
 23520 | Lair:5   | Got a pair of slimy gloves {god gift}
 23531 | Lair:5   | Identified the +0 pair of gloves of Winter {rF++ Str+3}
                  | (Okawaru gifted it to you on level 5 of the Lair of Beasts)
 24272 | Lair:6   | Entered Level 6 of the Lair of Beasts
 25118 | Lair:6   | Reached skill level 10 in Short Blades
 25118 | Lair:6   | Reached skill level 10 in Axes
 25118 | Lair:6   | Reached skill level 10 in Maces & Flails
 25118 | Lair:6   | Reached skill level 10 in Polearms
 25118 | Lair:6   | Reached skill level 10 in Slings
 25118 | Lair:6   | Reached skill level 10 in Bows
 25118 | Lair:6   | Reached skill level 10 in Crossbows
 25118 | Lair:6   | Reached skill level 10 in Throwing
 25118 | Lair:6   | Reached skill level 10 in Armour
 25118 | Lair:6   | Reached skill level 10 in Dodging
 25118 | Lair:6   | Reached skill level 10 in Unarmed Combat
 25118 | Lair:6   | Reached skill level 10 in Spellcasting
 25118 | Lair:6   | Reached skill level 10 in Evocations
 25430 | Lair:6   | Learned a level 2 spell: Shroud of Golubria
 25435 | Lair:6   | Learned a level 4 spell: Force Lance
 25696 | Lair:6   | Received a gift from Okawaru
 26210 | Lair:6   | Found a staircase to the Slime Pits.
 26802 | Orc:1    | Entered Level 1 of the Orcish Mines
 27056 | Orc:2    | Entered Level 2 of the Orcish Mines
 27127 | Orc:2    | Found a staircase to the Elven Halls.
 27159 | Orc:2    | Found Ihop's Antique Weapon Shoppe.
 27159 | Orc:2    | Noticed an orc warlord
 27172 | Orc:2    | Killed an orc warlord
 27512 | Orc:2    | Reached XP level 16. HP: 129/129 MP: 30/30
 27565 | Orc:2    | Cast into level 2 of the Abyss (orc knight)
 27678 | Abyss:2  | Reached skill level 13 in Fighting
 27804 | Orc:2    | Escaped the Abyss
 28049 | Orc:2    | Bought a translucent scythe for 216 gold pieces
 28049 | Orc:2    | Bought a smoking lajatang for 540 gold pieces
 28049 | Orc:2    | Identified the +3 scythe "Banwun" {freeze, rElec rF+ Int+4}
                  | (You bought it in a shop on level 2 of the Orcish Mines)
 28050 | Orc:2    | Identified the +4 lajatang "Hydrabane" {drain, +Fly rF+++
                  | MR- Dex+5} (You bought it in a shop on level 2 of the
                  | Orcish Mines)
 28078 | Orc:2    | Found Jowk's Book Shoppe.
 28090 | Orc:2    | Found Muzaot's Antique Armour Boutique.
 28098 | Orc:2    | Paralysed by an orc sorcerer for 4 turns
 28476 | Orc:2    | Bought a steaming ring mail for 234 gold pieces
 28494 | Orc:2    | Identified the +0 ring mail "Etaf Qumefa" {MR++} (You
                  | bought it in a shop on level 2 of the Orcish Mines)
 28547 | Orc:2    | Found Bali's Book Boutique.
 28619 | Orc:2    | Paralysed by an orc sorcerer for 4 turns
 29079 | Orc:2    | Found Siadgh's General Store.
 29222 | Orc:1    | Found Nynam's Distillery.
 29245 | Orc:1    | Bought a potion of might for 64 gold pieces
 29245 | Orc:1    | Bought a potion of berserk rage for 80 gold pieces
 29245 | Orc:1    | Bought 2 potions of curing for 96 gold pieces
 29245 | Orc:1    | Bought a potion of agility for 64 gold pieces
 29245 | Orc:1    | Bought a potion of berserk rage for 80 gold pieces
 29245 | Orc:1    | Bought a potion of might for 64 gold pieces
 29245 | Orc:1    | Bought a potion of heal wounds for 80 gold pieces
 29245 | Orc:1    | Bought a potion of might for 64 gold pieces
 29691 | D:4      | Got a warped scale mail
 29702 | D:4      | Identified the +3 scale mail of Knowledge {rElec MR+} (You
                  | found it on level 4 of the Dungeon)
 30018 | Snake:1  | Entered Level 1 of the Snake Pit
 30105 | Snake:1  | Received a gift from Okawaru
 30177 | Snake:1  | Reached skill level 10 in Ice Magic
 31144 | Snake:1  | Noticed Nikola
 31863 | Snake:1  | Killed Nikola
 32138 | Snake:2  | Received a gift from Okawaru
 32365 | Snake:2  | Noticed a nagaraja
 32366 | Snake:2  | Noticed a nagaraja
 32369 | Snake:2  | Killed a nagaraja
 32372 | Snake:2  | Killed a nagaraja
 32799 | Snake:2  | Reached XP level 17. HP: 97/137 MP: 24/32
 34772 | Snake:3  | Received a gift from Okawaru
 35261 | Snake:3  | Noticed Vashnia
 35476 | Snake:3  | Shot with a bolt by Vashnia

Skill      XL: |  1  2  3  4  5  6  7  8  9 10 11 12 13 14 15 16 17 |
---------------+----------------------------------------------------+-----
Short Blades   | 1 2 3 4 5 6 7 8 9 10 11 | 11.3
Axes           | 1 2 3 4 5 6 7 8 9 10 11 | 11.3
Maces & Flails | 1 2 3 4 5 6 7 8 9 10 11 | 11.3
Polearms       | 1 2 3 4 5 6 7 8 9 10 11 | 11.3
Slings         | 1 2 3 4 5 6 7 8 9 10 11 | 11.3
Bows           | 1 2 3 4 5 6 7 8 9 10 11 | 11.3
Crossbows      | 1 2 3 4 5 6 7 8 9 10 11 | 11.3
Throwing       | 1 2 3 4 5 6 7 8 9 10 11 | 11.3
Armour         | 1 2 3 4 5 6 7 8 9 10 11 | 11.3
Dodging        | 1 2 3 4 5 6 7 8 9 10 11 | 11.3
Unarmed Combat | 1 2 3 4 5 6 7 8 9 10 11 | 11.3
Spellcasting   | 1 2 3 4 5 6 7 8 9 10 11 | 11.3
Invocations    | 1 2 3 4 5 6 7 8 9 10 11 12 | 12.2
Evocations     | 1 2 3 4 5 6 7 8 9 10 11 | 11.3
Conjurations   | 1 2 3 4 5 6 7 8 9 |  9.6
Hexes          | 1 2 3 4 5 6 7 8 9 |  9.6
Charms         | 1 2 3 4 5 6 7 8 9 |  9.6
Summonings     | 1 2 3 4 5 6 7 8 9 |  9.6
Necromancy     | 1 2 3 4 5 6 7 8 9 |  9.6
Translocations | 1 2 3 4 5 6 7 8 9 |  9.6
Transmutations | 1 2 3 4 5 6 7 8 9 |  9.6
Fire Magic     | 1 2 3 4 5 6 7 8 9 |  9.6
Ice Magic      | 1 2 3 4 5 6 7 8 9 10 11 | 11.0
Air Magic      | 1 2 3 4 5 6 7 8 9 |  9.6
Earth Magic    | 1 2 3 4 5 6 7 8 9 |  9.6
Poison Magic   | 1 2 3 4 5 6 7 8 9 |  9.6
Staves         | 3 4 5 6 7 8 9 10 11 | 11.6
Shields        | 3 4 5 6 7 8 9 10 11 | 11.6
Long Blades    | 5 6 7 8 9 10 11 12 | 12.1
Stealth        | 5 6 7 8 9 10 11 12 | 12.0
Fighting       | 9 10 11 12 13 | 13.6

Action                   |  1- 3 |  4- 6 |  7- 9 | 10-12 | 13-15 | 16-18 || total
-------------------------+-------+-------+-------+-------+-------+-------++-------
Melee: Falchion          |    49 |   121 |   452 |   266 |       |       ||   888
       Bite              |     6 |    20 |   108 |    53 |    43 |    32 ||   262
       Punch             |       |     2 |     6 |     5 |    18 |     7 ||    38
       Headbutt          |       |       |       |    52 |    79 |    54 ||   185
       Kick              |       |       |       |     4 |       |       ||     4
       Scimitar          |       |       |       |       |   198 |    55 ||   253
       Hand crossbow     |       |       |       |       |     1 |       ||     1
       Scythe            |       |       |       |       |       |   163 ||   163
 Fire: Hand crossbow     |       |       |       |   380 |   553 |    95 ||  1028
       Triple crossbow   |       |       |       |       |   413 |   216 ||   629
 Cast: Call Imp          |       |       |       |     3 |     6 |       ||     9
       Summon Small Mamm |       |       |       |     3 |     2 |       ||     5
       Summon Guardian G |       |       |       |     2 |     3 |     1 ||     6
       Summon Ice Beast  |       |       |       |     2 |     9 |     4 ||    15
       Call Canine Famil |       |       |       |     1 |     3 |       ||     4
       Shroud of Golubri |       |       |       |       |     1 |       ||     1
Invok: Finesse           |       |       |       |       |     1 |       ||     1
       Heroism           |       |       |       |       |       |     2 ||     2
Evoke: Wand              |       |       |       |    28 |    48 |    57 ||   133
       Lamp of fire      |       |       |       |     1 |     5 |     4 ||    10
       Sack of spiders   |       |       |       |       |     3 |       ||     3
  Use: Scroll            |       |     1 |     8 |     5 |    30 |    10 ||    54
       Potion            |       |     2 |     5 |    11 |     7 |     6 ||    31
 Stab: Sleeping          |       |     3 |     1 |     7 |     4 |     5 ||    20
       Distracted        |       |       |       |     1 |       |     2 ||     3
  Eat: Chunk             |       |     4 |    10 |    15 |    29 |     4 ||    62
       Ration            |       |       |     1 |     2 |     5 |     7 ||    15
Armor: Robe              |     2 |       |       |       |       |       ||     2
       Ring mail         |    20 |    59 |    37 |   148 |    77 |       ||   341
       Chain mail        |       |       |   161 |       |       |       ||   161
       Skin              |       |       |       |    33 |       |       ||    33
       Scale mail        |       |       |       |       |   197 |   209 ||   406
Dodge: Dodged            |    36 |    92 |   239 |   365 |   865 |   468 ||  2065
Block: Buckler           |       |       |       |    93 |   101 |       ||   194
       Rpst.: Falchion   |    11 |    32 |    79 |    62 |       |       ||   184
       Scimitar          |       |       |       |       |    41 |     6 ||    47
